 Dungeon Crawl Stone Soup version 0.17-a0-1769-g54adf96 (webtiles) character file.

445 Magnus the Skirmisher (level 6, -5/51 HPs)
             Began as a Mummy Gladiator on Sept 7, 2015.
             Splashed by an oklob sapling's acid (13 damage)
             ... on level 4 of the Dungeon.
             The game lasted 00:07:46 (5131 turns).

Magnus the Skirmisher (Mummy Gladiator)             Turns: 5131, Time: 00:07:46

Health: -5/51      AC:  2    Str: 20    XL:     6   Next: 72%
Magic:  6/6        EV:  6    Int:  8    God:
Gold:   108        SH:  0    Dex: 12    Spells: 0 memorised, 5 levels left

rFire  x . .     SeeInvis .     a - +0 war axe
rCold  + . .     Clarity  .     j - +0 ring mail
rNeg   + + +     SustAt   .     (no shield)
rPois  ∞         Gourm    .     c - +0 helmet
rElec  .         Spirit   .     (no cloak)
rCorr  .         Warding  .     (no gloves)
rMut   .         Stasis   .     (no boots)
MR     .....                    (no amulet)
Stlth  +.........               (no ring)
                                (no ring)

@: corroded equipment, not resistant to hostile enchantments, very unstealthy
A: no food or potions, fire vulnerability, cold resistance 1, negative energy
resistance 3, torment resistance, unbreathing
a: no special abilities


You were on level 4 of the Dungeon.
You were not hungry.

You visited 1 branch of the dungeon, and saw 4 of its levels.

You collected 108 gold pieces.

Inventory:

Hand weapons
 a - a +0 war axe (weapon)
Missiles
 d - 4 throwing nets (quivered)
Armour
 c - a +0 helmet (worn)
 j - a +0 ring mail (worn)
Scrolls
 e - a scroll of immolation {unknown}
 f - 2 scrolls of teleportation {unknown}
 g - 5 scrolls of identify {unknown}
 h - a scroll of random uselessness {unknown}
 i - 2 scrolls of amnesia {unknown}


   Skills:
 + Level 5.3 Fighting
 + Level 4.8 Axes
 - Level 1.5 Throwing
 - Level 2.4 Dodging


You had 5 spell levels left.
You didn't know any spells.

Dungeon Overview and Level Annotations

Branches:
Dungeon (4/15)             Temple (0/1) D:4

Altars:
Yredelemnul

Annotations:
D:4 exclusion: oklob sapling


Innate Abilities, Weirdness & Mutations

You do not eat or drink.
Your flesh is vulnerable to fire.
You are immune to poison.
Your flesh is cold resistant.
You are immune to negative energy.
You are immune to unholy pain and torment.
You can survive without breathing.


Message History

You hit the plant.
The plant is severely damaged.
You hit the plant.
The plant is moderately damaged.
You hit the plant.
The plant is heavily damaged.
You completely miss the plant.
The plant is severely damaged.
You hit the plant.
The plant is heavily damaged.
You hit the plant but do no damage.
The plant is almost destroyed.
The oklob sapling spits acid at you. The splash of acid hits you!
The acid corrodes you!
The acid burns!
There is a staircase to the Ecumenical Temple here.
The oklob sapling spits acid at you. The splash of acid hits you!
* * * LOW HITPOINT WARNING * * *
The acid burns!
You die...

..........#####....##.# ....
..........#...#....##.##....
..........#...#....##....#+#
.....(....+............$..>.
.........#...#.....†.†.....
.......P..PP........####...
####...PPP.P.......##.+
#####..PP.P.PP......##.#
.........P.@PPP.........####
######...PP.PP....^.........
#..P.PPP.P.+####.......
.....
#......P..#.####.......
.....
##...##................
.....##
######..##....####....
.......##
#####..##....#.......
........#
#......##....#.......
........#
#......##....#.......


You could see an oklob sapling.

Vanquished Creatures
  The ghost of Magnus the Insei, an average DsTm (D:4)
  2 orc priests (D:3)
  A worker ant (D:4)
  3 adders
  4 gnolls (D:3)
  An ooze (D:2)
  2 worms
  2 giant geckos
  9 orcs (D:3)
  2 ball pythons
  4 giant cockroaches
  6 goblins
  8 hobgoblins
  2 jackals (D:1)
  11 bats
  4 giant newts
  2 gnoll zombies (D:3)
  10 kobolds
  A quokka (D:4)
  9 rats
  A plant (D:4)
85 creatures vanquished.

Notes
Turn   | Place    | Note
--------------------------------------------------------------
     0 | D:1      | Magnus the Mummy Gladiator began the quest for the Orb.
     0 | D:1      | Reached XP level 1. HP: 16/16 MP: 1/1
   429 | D:1      | Reached XP level 2. HP: 9/22 MP: 2/2
  1252 | D:1      | Reached skill level 3 in Axes
  1757 | D:1      | Reached XP level 3. HP: 18/28 MP: 3/3
  3080 | D:3      | Reached XP level 4. HP: 33/35 MP: 4/4
  3623 | D:3      | Found a basalt altar of Yredelemnul.
  3674 | D:3      | Reached skill level 4 in Fighting
  3674 | D:3      | Reached XP level 5. HP: 40/42 MP: 5/5
  3932 | D:4      | Found a staircase to the Ecumenical Temple.
  3941 | D:4      | Noticed Magnus's ghost (average DsTm)
  4710 | D:4      | Killed Magnus's ghost
  4710 | D:4      | Reached skill level 5 in Fighting
  4710 | D:4      | Reached XP level 6. HP: 6/51 MP: 6/6
  5131 | D:4      | Splashed by an oklob sapling's acid

Vault maps used:
D:1:      enne_arrival_octagon_isle, minmay_quantized
D:2:      serial_forest, infiniplex_forest_straight_2,
          infiniplex_forest_clump_small, infiniplex_forest_corner_1,
          infiniplex_forest_lined_4_way, infiniplex_forest_straight_2,
          infiniplex_forest_lined_3_way, infiniplex_forest_lined_room_2,
          infiniplex_forest_zigzag_1, st_stairs_7
D:3:      lemuel_zombie_altar_yredelemnul, first_bread, serial_bayou_pond_c,
          dk_vineyard_2, kennysheep_generic_room_3
D:4:      minmay_temple_entry_oklob

Action                   |  1- 3 |  4- 6 || total
-------------------------+-------+-------++-------
Melee: War axe           |   165 |   167 ||   332
 Stab: Sleeping          |     1 |       ||     1
